AoeStats
← totielrey9843

Arena

508123584Analyzed
4v4 RM · 10d ago on Sep 21, 2026· 45m 8s· 8 players
Game mode
Random Map
Map size
Large (8 player)
Population
200
Speed
Normal
Resources
Standard
Victory
Conquest
Starting age
Dark Age
Ending age
Imperial Age
RankedLock teamsTeams togetherTeam positionsShared explorationLock speedFull tech treeHidden civsTurbo modeCheats
Victory
Defeat
🇦🇷 Bohemians · Argentina
956
+14
🇦🇷 Turks · Argentina
941
+14
🇦🇷 Huns · Argentina
881
+17
🇲🇽 Vietnamese · Mexico
841
+19
🇦🇷 Romans · Argentina
968
-18
🇦🇷 Vikings · Argentina
919
-17
🇦🇷 Hindustanis · Argentina
902
-16
🇦🇷 Vietnamese · Argentina
828
-13
marcos_trujillo
12:25 Feudal Age
15:59 Castle Age
13:42 Horse Collar
13:50 Double-Bit Axe
15:10 Gold Mining
20:10 Loom
27:35 Imperial Age
25:22 Scale Mail Armor
24:58 Elite Skirmisher
26:05 Bow Saw
26:33 Chain Mail Armor
26:08 Fletching
27:29 Padded Archer Armor
29:21 Chemistry
27:53 Imperial Skirmisher
30:00 Plate Mail Armor
29:26 Bodkin Arrow
32:02 Elite Berserk
35:16 Two-Man Saw
35:24 Forging
35:15 Bracer
36:33 Chieftains
39:50 Heavy Plow
40:10 Squires
39:55 Gambesons
39:31 Pikeman
WARSITO.
10:57 Feudal Age
11:39 Double-Bit Axe
18:18 Castle Age
16:38 Stone Mining
17:06 Horse Collar
17:25 Fletching
19:21 Bow Saw
22:34 Elite Skirmisher
27:46 Bodkin Arrow
29:25 Ballistics
34:39 Padded Archer Armor
35:04 Forging
34:55 Scale Mail Armor
37:50 Iron Casting
37:31 Chain Mail Armor
40:54 Leather Archer Armor
43:17 Imperial Age
45:16 Chemistry
44:20 Bracer
44:34 Heavy Plow
lucas_mondaca
11:43 Feudal Age
17:43 Castle Age
15:48 Double-Bit Axe
16:36 Stone Mining
19:50 Wheelbarrow
21:53 Horse Collar
24:30 Heavy Plow
25:46 Scale Barding Armor
26:19 Gold Mining
26:59 Bow Saw
27:18 Grand Trunk Road
29:00 Gold Shaft Mining
29:07 Stone Shaft Mining
29:20 Chain Barding Armor
36:32 Imperial Age
35:24 Forging
35:15 Scale Mail Armor
35:25 Pikeman
36:05 Squires
Leonox
10:31 Feudal Age
11:20 Horse Collar
11:26 Double-Bit Axe
18:44 Castle Age
17:06 Stone Mining
18:28 Gold Mining
20:47 Bow Saw
20:39 Heavy Plow
21:17 Gold Shaft Mining
21:08 Loom
28:58 Town Watch
29:48 Wheelbarrow
32:43 Imperial Age
31:49 Man-at-Arms
32:31 Scale Mail Armor
32:42 Forging
32:52 Squires
33:31 Chain Mail Armor
32:38 Long Swordsman
34:09 Comitatenses
33:39 Legionary
34:57 Iron Casting
Pornelius Hubert
10:29 Feudal Age
11:44 Double-Bit Axe
11:48 Horse Collar
19:36 Castle Age
20:29 Wheelbarrow
21:40 Bow Saw
24:05 Gold Mining
24:54 Heavy Plow
25:44 Hand Cart
31:16 Imperial Age
32:44 Loom
34:31 Treadmill Crane
36:24 Conscription
37:14 Two-Man Saw
38:35 Gold Shaft Mining
40:22 Elite Janissary
41:24 Scale Barding Armor
41:30 Forging
41:33 Bloodlines
41:24 Husbandry
44:31 Chain Barding Armor
44:47 Iron Casting
ERMITAÑO
10:31 Feudal Age
15:37 Castle Age
16:24 Bloodlines
15:59 Horse Collar
20:39 Scale Barding Armor
21:36 Double-Bit Axe
25:15 Loom
26:07 Wheelbarrow
27:21 Husbandry
30:46 Imperial Age
28:51 Gold Mining
28:55 Stone Mining
29:07 Heavy Plow
29:19 Bow Saw
29:23 Forging
30:39 Chain Barding Armor
30:54 Iron Casting
32:18 Hand Cart
31:49 Town Watch
32:08 Cavalier
35:14 Gold Shaft Mining
35:14 Conscription
35:31 Paladin
37:21 Town Patrol
39:55 Blast Furnace
39:30 Plate Barding Armor
39:39 Plate Barding Armor
40:32 Fletching
42:44 Bodkin Arrow
totielrey9843
12:16 Feudal Age
13:25 Double-Bit Axe
13:24 Horse Collar
14:27 Wheelbarrow
18:29 Castle Age
19:46 Heavy Plow
20:03 Bow Saw
28:43 Elite Skirmisher
33:38 Imperial Age
31:32 Hand Cart
32:48 Scale Mail Armor
32:51 Padded Archer Armor
34:17 Leather Archer Armor
33:53 Fletching
34:06 Imperial Skirmisher
37:36 Crop Rotation
36:58 Gold Mining
36:58 Stone Mining
39:01 Ballistics
39:42 Chemistry
38:33 Guard Tower
38:29 Arrowslits
38:36 Town Watch
38:49 Bodkin Arrow
39:25 Ring Archer Armor
39:17 Arson
40:03 Chatras
40:24 Paper Money
40:37 Paper Money
41:44 Elite Rattan Archer
42:31 Bracer
Boxitracio
10:48 Feudal Age
11:35 Double-Bit Axe
14:54 Wheelbarrow
18:02 Castle Age
17:19 Horse Collar
18:54 Bow Saw
19:58 Fervor
24:44 Imperial Age
23:02 Padded Archer Armor
25:15 Chemistry
25:31 Leather Archer Armor
26:24 Hand Cart
27:44 Loom
28:57 Treadmill Crane
29:26 Town Watch
29:58 Pikeman
31:10 Scale Mail Armor
32:32 Ring Archer Armor
32:18 Chain Mail Armor
33:15 Halberdier
34:21 Conscription
35:47 Siege Engineers
36:23 Heavy Plow
37:25 Two-Man Saw
38:04 Fletching
38:45 Forging
39:05 Plate Mail Armor
39:36 Elite Hussite Wagon
43:41 Iron Casting
44:38 Houfnice
Connection lost

Rejoining the realm…

Still unreachable

The connection could not be restored.

Session expired

The server has moved on; the page needs a fresh start.